 Dungeon Sprint DCSS version 0.29-a0-341-g24ffce5b50 (webtiles) character file.

Game seed: 17888309363596098266

478 howech the Cleaver (level 7, -19/54 (67) HPs)
             Began as a Hill Orc Fighter on Apr 20, 2022.
             Was an Elder of Trog.
             Demolished by a red devil
             ... wielding a +1 demon trident of draining
             ... summoned by a kobold demonologist
              (20 damage)
             ... in the Dungeon (Sprint VII: "The Pits").
             The game lasted 00:03:18 (468 turns).

howech the Cleaver (Hill Orc Fighter)                Turns: 468, Time: 00:03:19

HP:   -19/54 (67)   AC: 13    Str: 19    XL:     7   Next: 11%
MP:   7/7           EV:  8    Int:  8    God:    Trog [****..]
Gold: 0             SH:  5    Dex: 12    Spells: 6/6 levels left

rFire   . . .      SeeInvis .   k - +2 hand axe
rCold   . . .      Faith    .   c - +0 buckler
rNeg    . . .      Spirit   .   o - +3 chain mail
rPois   .          Reflect  .   (no helmet)
rElec   .          Harm     .   (no cloak)
rCorr   .          Rampage  .   (no gloves)
Will    .....      NoTele   +   (no boots)
Stlth   ..........              (no amulet)
HPRegen 0.18/turn               (no ring)
MPRegen 0.10/turn               (no ring)

@: spiked, heavily drained
A: no striking features
a: Renounce Religion, Berserk, Trog's Hand, Brothers in Arms


You were in the Dungeon.
You worshipped Trog.
Trog was greatly pleased with you.
You visited 1 branch

Inventory:

Hand Weapons
 a - a +0 war axe
 k - a +2 hand axe (weapon)
Armour
 b - a +0 scale mail
 c - a +0 buckler (worn)
 o - a +3 chain mail (worn)
Scrolls
 j - a scroll of blinking
 m - 5 scrolls of amnesia
 n - a scroll of summoning
Potions
 d - a potion of might
 e - 6 potions of curing
 f - 6 potions of heal wounds
 g - a potion of haste
 h - 4 potions of magic
 i - 3 potions of berserk rage
 l - 2 potions of invisibility


   Skills:
 + Level 7.6 Fighting
 * Level 10.5 Axes
 + Level 6.9 Armour
 + Level 4.5 Dodging
 + Level 7.0 Shields
 + Level 5.3 Evocations


You had 6 spell levels left.
You didn't know any spells.
Your spell library was empty.

Dungeon Overview and Level Annotations

Branches:
Dungeon (1/1)

Altars:
Ashenzari
Cheibriados
Dithmenos
Elyvilon
Fedhas
Gozag
Hepliaklqana
Kikubaaqudgha
Makhleb
Nemelex Xobeh
Okawaru
Qazlal
Ru
Sif Muna
Trog
Uskayaw
Vehumet
Wu Jian
Xom
Yredelemnul
Zin
The Shining One
Beogh
Jiyva
Lugonu


Message History

You miss the chaos spawn.
Your skin stops crawling.
You feel less strong-willed.
The kobold demonologist looks braver for a moment.
The red devil hits you from afar with a +1 demon trident of draining!
Barbed spikes become lodged in your body.
You feel drained.
The chaos spawn hits you but does no damage.
You barely miss the kobold demonologist.
The kobold demonologist is severely wounded.
You closely miss the chaos spawn.
The kobold demonologist hits you but does no damage.
You block the red devil's attack.
Unknown command.
You hit the kobold demonologist.
The kobold demonologist is severely wounded.
You barely miss the chaos spawn. You block the chaos spawn's attack.
The red devil hits you from afar with a +1 demon trident of draining.
Barbed spikes become lodged in your body.
You feel drained.
The kobold demonologist hits you but does no damage.
You hit the kobold demonologist.
The kobold demonologist is severely wounded.
You miss the chaos spawn. The chaos spawn gores you!
You feel drained.
Unknown command.
You slash the kobold demonologist!
The kobold demonologist is almost dead.
You hit the chaos spawn but do no damage.
The red devil hits you from afar with a +1 demon trident of draining!
* * * LOW HITPOINT WARNING * * *
Barbed spikes become lodged in your body.
You feel drained.
* * * LOW HITPOINT WARNING * * *
You block the kobold demonologist's attack.
The chaos spawn barely misses you.
You barely miss the kobold demonologist.
The kobold demonologist is almost dead.
You hit the chaos spawn but do no damage.
The kobold demonologist hits you but does no damage.
The red devil hits you from afar with a +1 demon trident of draining!!
You die...

#.#..).....##.......#
#†###########.......#
#†.†....# #########
#..###..# #.......#
##.###.##+#
#.......#4+
#..###..#K#
#......4@.#
###########


You could see a kobold demonologist, a chaos spawn (summoned) and a red devil
(summoned).

Vanquished Creatures
  A warg (D)
  A floating eye (D)
  2 black bears (D)
  A hound (D)
  A mummy (D)
  2 gnolls (D)
  2 river rats (D)
  An ufetubus (D)
  2 endoplasms (D)
  2 hobgoblins (D)
  4 jackals (D)
  A rat (D)
20 creatures vanquished.

Notes
Turn   | Place    | Note
-------+----------+-------------------------------------------
     0 | D        | howech the Hill Orc Fighter began the quest for the Orb.
     0 | D        | Reached XP level 1. HP: 19/19 MP: 1/1
    38 | D        | Found a glowing golden altar of the Shining One.
    38 | D        | Found a glowing silver altar of Zin.
    38 | D        | Found a basalt altar of Yredelemnul.
    38 | D        | Found a shimmering altar of Xom.
    38 | D        | Found an ornate altar of the Wu Jian Council.
    38 | D        | Found a bloodstained altar of Trog.
    38 | D        | Found a shimmering blue altar of Sif Muna.
    38 | D        | Found a sacrificial altar of Ru.
    38 | D        | Found a stormy altar of Qazlal.
    38 | D        | Found an iron altar of Okawaru.
    38 | D        | Found a sparkling altar of Nemelex Xobeh.
    38 | D        | Found a burning altar of Makhleb.
    38 | D        | Found a viscous altar of Jiyva.
    38 | D        | Found a hazy altar of Hepliaklqana.
    38 | D        | Found an opulent altar of Gozag.
    38 | D        | Found a blossoming altar of Fedhas.
    38 | D        | Found a white marble altar of Elyvilon.
    38 | D        | Found a shadowy altar of Dithmenos.
    38 | D        | Found a snail-covered altar of Cheibriados.
    40 | D        | Found a corrupted altar of Lugonu.
    40 | D        | Found a radiant altar of Vehumet.
    40 | D        | Found a roughly hewn altar of Beogh.
    41 | D        | Became a worshipper of Trog the Wrathful
    42 | D        | Found an ancient bone altar of Kikubaaqudgha.
    42 | D        | Found a hide-covered altar of Uskayaw.
    42 | D        | Found a broken altar of Ashenzari.
    67 | D        | Reached skill level 3 in Axes
    77 | D        | Reached * piety under Trog
    78 | D        | Reached skill level 4 in Axes
    78 | D        | Reached skill level 1 in Dodging
    78 | D        | Reached skill level 1 in Evocations
    78 | D        | Reached XP level 2. HP: 10/27 MP: 2/2
    92 | D        | Reached XP level 3. HP: 11/34 MP: 3/3
   302 | D        | Reached ** piety under Trog
   304 | D        | Reached skill level 5 in Axes
   304 | D        | Noticed a black bear
   309 | D        | Reached *** piety under Trog
   314 | D        | Killed a black bear
   315 | D        | Reached skill level 5 in Fighting
   315 | D        | Reached skill level 7 in Axes
   315 | D        | Reached skill level 5 in Armour
   315 | D        | Reached skill level 5 in Shields
   315 | D        | Reached XP level 4. HP: 42/42 MP: 4/4
   315 | D        | Reached XP level 5. HP: 49/49 MP: 5/5
   373 | D        | Noticed a warg
   373 | D        | Noticed a floating eye
   376 | D        | Paralysed by a floating eye for 4 turns
   388 | D        | Paralysed by a floating eye for 3 turns
   395 | D        | Killed a warg
   396 | D        | Reached skill level 8 in Axes
   396 | D        | Reached XP level 6. HP: 58/58 MP: 6/6
   397 | D        | Reached **** piety under Trog
   398 | D        | Reached skill level 9 in Axes
   400 | D        | Killed a floating eye
   410 | D        | Reached skill level 10 in Axes
   410 | D        | Reached skill level 5 in Evocations
   433 | D        | Noticed a black bear
   438 | D        | Killed a black bear
   439 | D        | Reached XP level 7. HP: 65/67 MP: 7/7
   451 | D        | Noticed a kobold demonologist
   454 | D        | Noticed a chaos spawn
   457 | D        | Noticed a red devil
   467 | D        | HP: 1/54 [red devil/+1 demon trident of draining[a kobold
                  | demonologist] (5)]
   468 | D        | Demolished by a red devil

Illustrated notes

Levels and vault maps discovered:
D:        pitsprint [storerooms_1, entrance_room_1, metal_vault_4, armoury_3,
          mini_pit_1, grid_room_1, main_hall_1, silver_pit, the_coven_3,
          the_vestibule_1, steel_vault_1, golden_pit, hallway_of_sentries,
          crystal_vault_4, iron_vault_2, final_vault]

Skill      XL: |  1  2  3  4  5  6 |
---------------+-------------------+-----
Axes           | 4 7 8 10 | 10.5
Fighting       | 4 5 6 7 |  7.6
Dodging        | 1 2 3 4 |  4.5
Evocations     | 1 3 4 5 |  5.3
Armour         | 4 5 6 |  6.9
Shields        | 4 5 6 7 |  7.0

Action                   |  1- 3 |  4- 6 |  7- 9 || total
-------------------------+-------+-------+-------++-------
Melee: Hand axe          |    39 |    27 |    17 ||    83
       War axe           |     2 |       |       ||     2
Invok: Berserk           |     1 |     1 |       ||     2
       Trog's Hand       |       |     1 |     1 ||     2
Armor: Scale mail        |    18 |       |       ||    18
       Chain mail        |       |    13 |    10 ||    23
Dodge: Dodged            |    24 |     7 |     7 ||    38
Block: Buckler           |    13 |     6 |     4 ||    23

Table legend: (Time is in decaauts)
 A = Elapsed time spent in this place.
 B = Non-inter-level travel time spent in this place.
 C = Inter-level travel time spent in this place.
 D = Time resting spent in this place.
 E = Time spent auto-exploring this place.
 F = Levels seen in this place.
 G = Mean time per level.
                   A        B        C        D        E       F      G
               +--------+--------+--------+--------+--------+-----+--------+
         Total |    479 |    479 |      0 |    211 |      0 |   1 |  479.0 |
       Dungeon |    479 |    479 |      0 |    211 |      0 |   1 |  479.0 |
               +--------+--------+--------+--------+--------+-----+--------+

Top non-repeatable levels by time:
       D: 479 daAuts
